 Dungeon Crawl Stone Soup version 0.27.0-1-g7a089689b8 (webtiles) character file.

Game seed: 10329873789551150609

186 sanka the Slasher (level 5, -2/40 HPs)
             Began as a Djinni Fighter on Aug 5, 2021.
             Slain by a river rat (5 damage)
             ... on level 2 of the Dungeon.
             The game lasted 00:04:38 (3324 turns).

sanka the Slasher (Djinni Fighter)                  Turns: 3324, Time: 00:04:38

Health: -2/40      AC:  9    Str: 15    XL:     5   Next: 98%
Gold:   112        EV:  4    Int: 11    God:
                   SH:  8    Dex: 12

rFire    + + .     SeeInvis .   a - +0 long sword
rCold    x . .     Faith    .   c - +0 kite shield
rNeg     . . .     Spirit   .   j - +0 chain mail
rPois    ∞         Reflect  .   (no helmet)
rElec    .         Harm     .   (no cloak)
rCorr    .         Rampage  .   (no gloves)
Will     .....                  (boots unavailable)
Stlth    ..........             (no amulet)
HPRegen  0.13/turn              (no ring)
MPRegen  0.00/turn              (no ring)

@: flying
A: sickness immunity, fire resistance 2, cold vulnerability 1, float, innate
caster, hp casting, extra vitality 1
a: no special abilities


You were on level 2 of the Dungeon.
You visited 1 branch of the dungeon, and saw 3 of its levels.

You collected 112 gold pieces.


Innate Abilities, Weirdness & Mutations

You are immune to sickness and miasma.
You are immune to poison.
Your flesh is very heat resistant. (rF++)
You are vulnerable to cold. (rC-)
You float through the air rather than walking.
You learn spells naturally, not from books.
Your magical power is your life essence.
You have superior vitality. (+4 HP)


   Skills:
 - Level 3.0 Fighting
 + Level 5.2 Long Blades
 - Level 3.0 Armour
 - Level 3.0 Shields


You had one spell level left.
You knew the following spells:

 Your Spells              Type           Power      Damage    Failure   Level
b - Blink                 Tloc           N/A        N/A       100%        2
z - Pain                  Necr           0%         1d4       100%        1
Your spell library was empty.

Inventory:

Hand Weapons
 a - a +0 long sword (weapon)
Missiles
 m - 16 poisoned darts (quivered)
Armour
 b - a +0 scale mail
 c - a +0 kite shield (worn)
 j - a +0 chain mail (worn)
 o - a +0 robe
Magical Staves
 n - a staff of earth
Wands
 p - a wand of flame (14)
Scrolls
 e - a scroll of enchant armour
 g - 2 scrolls of amnesia
 h - a scroll of blinking {unknown}
 i - a scroll of teleportation {@r4}
Potions
 d - a potion of might
 k - a potion of brilliance {unknown}
 l - a potion of degeneration {unknown}

Dungeon Overview and Level Annotations

Branches:
Dungeon (3/15)

Altars:

Shops:
D:3

: ▒.......... ▒▒▒▒▒▒▒
▒.......†▒▒ ▒.....▒
▒........▒▒ ▒.....▒
▒........▒▒ ▒▒▒▒.....▒
▒.▒▒▒▒▒▒▒▒▒
▒.▒▒.....▒▒▒▒▒▒▒▒▒.▒ ▒
▒...............▒▒.▒ ▒
▒.▒▒.....▒▒▒▒▒▒.▒▒.▒ ▒
▒.▒.......rR....▒▒.▒ ▒
▒▒▒†▒>.....▒▒▒▒▒▒▒▒▒.▒▒▒▒▒▒▒▒▒
▒.▒.▒.....>...................
▒...▒.▒▒▒▒....................
▒.▒▒▒.▒▒▒▒▒▒▒.▒....▒.▒........
▒.▒ ▒.........▒.▒▒.▒.▒.▒▒▒▒▒▒▒
▒▒▒▒.▒▒▒▒▒▒▒▒▒▒▒.▒.▒▒.▒.▒'▒▒▒▒
▒
..........▒<▒▒▒▒.▒.▒▒.▒......▒
▒
▒▒▒▒.▒▒▒▒.▒......▒.▒▒.▒......▒
▒


You could see a river rat.


Message History

You hit the river rat.
The river rat is moderately wounded.
The river rat bites you but does no damage.
The river rat bites you.
* * * LOW HITPOINT WARNING * * *
You hit the river rat.
The river rat is severely wounded.
You block the river rat's attack.
You closely miss the river rat.
The river rat is severely wounded.
The river rat bites you!
* * * LOW HITPOINT WARNING * * *
You hit the river rat.
You kill the river rat!
You hit the river rat.
The river rat is lightly wounded.
You block the river rat's attack. The river rat bites you.
* * * LOW HITPOINT WARNING * * *
You closely miss the river rat.
The river rat is lightly wounded.
The river rat bites you.
* * * LOW HITPOINT WARNING * * *
Your shield prevents you from hitting the river rat.
The river rat is lightly wounded.
The river rat twitches its whiskers.
The river rat bites you!
* * * LOW HITPOINT WARNING * * *
The river rat bites you.
You die...

Action                   |  1- 3 |  4- 6 || total
-------------------------+-------+-------++-------
Melee: Long sword        |   121 |   194 ||   315
  Use: Scroll            |       |     3 ||     3
Armor: Scale mail        |    13 |       ||    13
       Chain mail        |    65 |   186 ||   251
Dodge: Dodged            |    30 |    54 ||    84
Block: Kite shield       |    78 |   147 ||   225
       Rpst.: Long sword |    14 |    15 ||    29

Levels and vault maps discovered:
D:1:      shiori_arrival_maze, layout_loops_cross, minmay_misc_feat_columns,
          minmay_tetromino_i2
D:2:      layout_basic, chequers_big_river
D:3:      kennysheep_goblin_castle, layout_rooms, serial_shops, shop,
          portal_sewer_entry_e, uniq_jessica

Notes
Turn   | Place    | Note
-------+----------+-------------------------------------------
     0 | D:1      | sanka the Djinni Fighter began the quest for the Orb.
     0 | D:1      | Reached XP level 1. HP: 20/20 MP: 0/0
    22 | D:1      | Reached skill level 2 in Long Blades
   418 | D:1      | Reached XP level 2. HP: 15/25 MP: 0/0
  1135 | D:2      | Reached skill level 3 in Long Blades
  1135 | D:2      | Reached XP level 3. HP: 26/30 MP: 0/0
  1135 | D:2      | Learned a level 1 spell: Pain
  1817 | D:2      | Reached XP level 4. HP: 33/35 MP: 0/0
  1976 | D:2      | Reached skill level 4 in Long Blades
  2359 | D:3      | Found Vob Xoha's Book Boutique.
  2431 | D:3      | Reached XP level 5. HP: 32/40 MP: 0/0
  2431 | D:3      | Learned a level 2 spell: Blink
  2614 | D:3      | Noticed Jessica
  2649 | D:3      | Killed Jessica
  2730 | D:3      | Reached skill level 5 in Long Blades
  3324 | D:2      | HP: 3/40 [river rat (7)]
  3324 | D:2      | Slain by a river rat

Vanquished Creatures
  A jelly (D:2)
  Jessica (D:3)
  5 adders
  A river rat (D:2)
  4 ball pythons (D:3)
  7 bats
  5 endoplasms
  2 giant cockroaches
  14 goblins
  4 hobgoblins
  13 jackals
  2 quokkas
  3 frilled lizards
  3 kobolds
  7 rats
72 creatures vanquished.
